 Dungeon Crawl Stone Soup version 0.30.1-9-gdf580d7c3d (webtiles) character file.

Game seed: 116293969959996025

4816 lonewolfV2 the Cleaver (level 10, -5/89 HPs)
             Began as a Minotaur Fighter on Sept 27, 2023.
             Slain by Gastronok (24 damage)
             ... on level 9 of the Dungeon.
             The game lasted 00:11:13 (8872 turns).

lonewolfV2 the Cleaver (Minotaur Fighter)           Turns: 8872, Time: 00:11:13

Health: -5/89      AC:  8    Str: 27    XL:     10   Next: 24%
Magic:  9/9        EV: 12    Int:  5    God:
Gold:   464        SH: 12    Dex: 14    Spells: 9/9 levels left

rFire   + . .        a - +1 war axe
rCold   . . .        c - +1 buckler
rNeg    . . .        b - +0 scale mail
rPois   .            (helmet restricted)
rElec   .            (no cloak)
rCorr   .            (no gloves)
SInv    .            (no boots)
Will    .....        B - amulet of reflection Stlth
                     n - +6 ring of strength
HPRegen 0.34/turn    l - ring of protection from fire
MPRegen 0.11/turn

%: reflection
@: no status effects
A: horns 2, retaliatory headbutt
a: no special abilities


You were on level 9 of the Dungeon.
You visited 1 branch of the dungeon, and saw 9 of its levels.
You also visited: Ossuary.

You collected 464 gold pieces.

Inventory:

Hand Weapons
 a - a +1 war axe (weapon)
 v - a +0 hand axe of venom
Missiles
 y - 2 throwing nets (quivered)
Armour
 b - a +0 scale mail (worn)
 c - a +1 buckler (worn)
Jewellery
 g - a ring of protection from cold
 l - a ring of protection from fire (right hand)
 n - a +6 ring of strength (left hand)
 A - a +4 ring of protection
 B - an amulet of reflection (around neck)
Wands
 i - a wand of roots (6)
 o - a wand of acid (6)
 x - a wand of flame (23)
Scrolls
 h - 3 scrolls of enchant weapon
 j - 4 scrolls of magic mapping
 p - a scroll of silence
 s - 2 scrolls of enchant armour
 C - a scroll of amnesia {unknown}
Potions
 d - a potion of ambrosia {unknown}
 e - 2 potions of attraction
 f - 4 potions of lignification
 k - 2 potions of invisibility
 m - 8 potions of degeneration
 q - 2 potions of brilliance
 r - 2 potions of flight
 t - 2 potions of cancellation
 u - 2 potions of haste
 w - a potion of curing
 z - a potion of might


   Skills:
 + Level 8.3 Fighting
 + Level 12.2 Axes
 + Level 9.1 Armour
 + Level 4.2 Dodging
 + Level 0.4 Stealth
 + Level 6.7 Shields


You had 9 spell levels left.
You didn't know any spells.
Your spell library contained the following spells:

 Spells                   Type           Power      Damage    Failure   Level
 Apportation              Tloc           0%         N/A       77%         1
 Petrify                  Tmut/Erth      0%         N/A       100%        4
 Metabolic Englaciation   Hex/Ice        0%         N/A       100%        5
 Statue Form              Tmut/Erth      0%         N/A       100%        6


Dungeon Overview and Level Annotations

Branches:
Dungeon (9/15)             Temple (0/1) D:4         Ossuary (visited)
   Lair: D:8-11         Orc: D:9-12

Altars:
Elyvilon
Hepliaklqana
Qazlal

Shops:
D:3 *   D:4 (   D:6 [

Annotations:
D:9 Gastronok


Innate Abilities, Weirdness & Mutations

You have a pair of horns on your head.
You reflexively headbutt those who attack you in melee.


Message History

* * * LOW HITPOINT WARNING * * *
You feel as though you will be slow longer.
You block the hornet's attack.
You barely miss the hornet.
The hornet is moderately wounded.
The hornet closely misses you. You block the hornet's attack.
Gastronok the Ponderous comes into view.
He is wearing a +2 hat of intelligence.
Gastronok gurgles horribly!
You hit the hornet.
The hornet is heavily wounded.
The hornet stings you but does no damage. x2
You barely miss the hornet. Your headbutt misses the hornet.
The hornet is heavily wounded.
The hornet completely misses you. You furiously retaliate!
You headbutt the hornet! The hornet completely misses you.
You furiously retaliate!
You headbutt the hornet!
You kill the hornet!
You hit the centaur.
The centaur is heavily wounded.
The centaur unwields a +0 shortbow.
The centaur hits you but does no damage.
You block the centaur's attack. The centaur closely misses you.
The centaur barely misses you.
You hit the centaur.
You headbutt the centaur, but do no damage.
The centaur is heavily wounded.
The centaur hits you but does no damage.
You block the centaur's attack.
The centaur hits you but does no damage.
The centaur closely misses you.
You slash the centaur!
You kill the centaur!
You feel yourself speed up.
You see here a +0 shortbow.
Found a scroll of identify.
You hit Gastronok but do no damage. You slash Gastronok!
Gastronok is lightly wounded.
Gastronok bites you!!
You die...

..? #.. .#
###.### ..#
#☼...☼#...#
####.....#...#
#....._..... #.
#..w..#
#.##§.@.☼#
#..###)### .#
.#......†# .#
........†####.##
.........(......
.............###
.......#.....#
.......#.....#
.......#.....#


You could see Gastronok.

Vanquished Creatures
  Maggie (D:6)
  Grinder (D:5)
  A hornet (D:9)
  Eustachio (D:6)
  Sigmund (D:2)
  4 yaks (D:8)
  Edmund (D:8)
  A water moccasin (D:9)
  An ice beast (D:7)
  A sky beast (D:7)
  2 black bears
  4 ogres
  2 centaurs
  3 scorpions
  2 bullfrogs
  2 gnoll sergeants (D:8)
  4 wights (D:7)
  4 howler monkeys
  A centaur zombie (Ossuary)
  2 human zombies (Ossuary)
  5 hounds
  3 jellies
  4 orc priests
  A gnoll bouda (D:6)
  4 iguanas (D:6)
  3 sleepcaps
  6 orc wizards
  5 mummies (Ossuary)
  Robin (D:2)
  21 gnolls
  10 adders
  A shadow imp (D:6)
  2 white imps (D:5)
  3 worms
  6 dart slugs
  31 orcs
  6 ball pythons
  5 bats
  7 endoplasms
  3 giant cockroaches
  A gnoll zombie (Ossuary)
  16 goblins
  9 hobgoblins
  3 jackals (D:1)
  4 kobolds
  A quokka (D:1)
  4 frilled lizards
  A goblin zombie (Ossuary)
  2 hobgoblin zombies (Ossuary)
  An orc zombie (Ossuary)
  5 rats
213 creatures vanquished.

Vanquished Creatures (others)
  An orc wizard (D:4)
1 creature vanquished.

Grand Total: 214 creatures vanquished

Notes
Turn   | Place    | Note
-------+----------+-------------------------------------------
     0 | D:1      | lonewolfV2 the Minotaur Fighter began the quest for the
                  | Orb.
     0 | D:1      | Reached XP level 1. HP: 19/19 MP: 0/0
   111 | D:1      | Reached XP level 2. HP: 27/27 MP: 1/1
   358 | D:1      | Reached XP level 3. HP: 33/33 MP: 2/2
   551 | D:1      | Reached skill level 3 in Axes
   858 | D:2      | Found a white marble altar of Elyvilon.
  1070 | D:2      | Noticed Sigmund
  1075 | D:2      | Reached XP level 4. HP: 29/40 MP: 3/3
  1086 | D:2      | Killed Sigmund
  1086 | D:2      | Noticed Robin
  1087 | D:2      | Reached skill level 5 in Axes
  1087 | D:2      | Reached skill level 1 in Dodging
  1087 | D:2      | Reached XP level 5. HP: 40/47 MP: 4/4
  1109 | D:2      | Killed Robin
  1635 | D:2      | Found a faded altar of an unknown god.
  1698 | D:2      | Got Plato's Anthology of Distance
  2148 | D:3      | Reached XP level 6. HP: 53/53 MP: 5/5
  2543 | D:3      | Found Wiosudig's Assorted Antiques.
  2748 | D:4      | Found Zonupain's Antique Weapon Shoppe.
  2855 | D:4      | Found a staircase to the Ecumenical Temple.
  2902 | D:4      | Reached skill level 6 in Axes
  2902 | D:4      | Reached skill level 5 in Armour
  2960 | D:4      | Reached skill level 5 in Fighting
  2960 | D:4      | Reached skill level 5 in Shields
  2960 | D:4      | Reached XP level 7. HP: 21/61 MP: 6/6
  3401 | D:4      | Reached skill level 7 in Axes
  3767 | D:5      | Entered Level 5 of the Dungeon
  3837 | D:5      | Found a sand-covered staircase.
  3938 | Ossuary  | Entered an ossuary
  4037 | Ossuary  | Reached XP level 8. HP: 57/69 MP: 7/7
  4086 | Ossuary  | Reached skill level 8 in Axes
  4756 | D:5      | Noticed Grinder
  4771 | D:5      | Killed Grinder
  5139 | D:5      | Reached skill level 9 in Axes
  5569 | D:6      | Noticed Eustachio
  5570 | D:6      | Noticed Edmund
  5607 | D:6      | Killed Eustachio
  5648 | D:6      | Reached XP level 9. HP: 75/78 MP: 8/8
  5918 | D:6      | Noticed Maggie
  5932 | D:6      | Killed Maggie
  5933 | D:6      | Reached skill level 10 in Axes
  6288 | D:6      | Found Uhifoill's Antique Armour Emporium.
  6639 | D:7      | Reached skill level 11 in Axes
  6820 | D:7      | Found a hazy altar of Hepliaklqana.
  7211 | D:7      | Found a white marble altar of Elyvilon.
  8130 | D:8      | Killed Edmund
  8231 | D:8      | Reached XP level 10. HP: 80/88 MP: 9/9
  8246 | D:8      | Reached skill level 12 in Axes
  8833 | D:9      | Found a stormy altar of Qazlal.
  8856 | D:9      | Paralysed by a hornet for 1 turns
  8863 | D:9      | Noticed Gastronok
  8872 | D:9      | Slain by Gastronok

Illustrated notes

Levels and vault maps discovered:
D:1:      minmay_arrival_glassed_features, layout_basic, dreamdust_wishing_well,
          grunt_decor_one_mirror
D:2:      layout_basic, shapermc_ecumenical_altar_rom_forum, basic_altar,
          serial_park_tiny_2, uniq_sigmund, uniq_robin
D:3:      layout_basic, serial_shops, shop_fountains
D:4:      layout_rooms, minmay_temple_entry_gardened_gates, serial_bayou,
          serial_bayou_lake_a, serial_bayou_pond_c, serial_bayou_pond_c,
          serial_bayou_shore_a, serial_bayou_crossing, serial_shops, shop,
          kennysheep_generic_room_10
D:5:      minmay_evil_eye, layout_cave_pools, enter_ossuary_3,
          grunt_decor_clamped, uniq_grinder
D:6:      layout_basic, serial_shops, kennysheep_mini, hangedman_decor_points,
          uniq_edmund, uniq_eustachio, uniq_maggie
D:7:      layout_basic, kennysheep_mini_moat, mainiacjoe_overflow_boulevard,
          minmay_misc_feat_diagonals, minivault_4
D:8:      layout_basic
D:9:      cheibrodos_histonic, layout_basic, grunt_qazlal_clouds,
          lair_entry_dummy, nicolae_diode_intersection, uniq_gastronok

Skill      XL: |  1  2  3  4  5  6  7  8  9 10 |
---------------+-------------------------------+-----
Shields        | 4 5 6 |  6.7
Fighting       | 4 5 6 7 8 |  8.3
Armour         | 4 5 6 7 8 9 |  9.1
Axes           | 3 5 6 7 9 11 12 | 12.2
Dodging        | 1 2 3 4 |  4.2
Stealth        | |  0.4

Action                     |  1- 3 |  4- 6 |  7- 9 | 10-12 || total
---------------------------+-------+-------+-------+-------++-------
  Melee: War axe           |    70 |    98 |   328 |    38 ||   534
         Headbutt          |    10 |    10 |    67 |     7 ||    94
    Use: Scroll            |     3 |     8 |     5 |       ||    16
         Potion            |       |     2 |     2 |       ||     4
 Armour: Scale mail        |    40 |    56 |   104 |    10 ||   210
  Dodge: Dodged            |    49 |    56 |   161 |    19 ||   285
  Block: Buckler           |    19 |    27 |    73 |    18 ||   137
         Reflection        |       |       |       |     1 ||     1
